 Dungeon Crawl Stone Soup version 0.20.0-10-g0535bb4 (console) character file.

601 Gottschkopf the Fighter (level 7, -8/72 HPs)
             Began as a Minotaur Fighter on June 7, 2017.
             Was a Follower of Yredelemnul.
             Mangled by an orc wizard
             ... wielding a +3 dagger of electrocution
              (17 damage)
             ... on level 3 of the Dungeon.
             The game lasted 00:08:19 (4085 turns).

Gottschkopf the Fighter (Minotaur Fighter)          Turns: 4085, Time: 00:08:20

Health: -8/72      AC:  6    Str: 22    XL:     7   Next: 18%
Magic:  6/6        EV:  7    Int:  5    God:    Yredelemnul [*.....]
Gold:   159        SH:  9    Dex: 10    Spells: 6/6 levels left

rFire    . . .     SeeInvis .   a - +0 long sword
rCold    . . .     Gourm    .   c - +0 shield
rNeg     . . .     Faith    .   b - +0 scale mail
rPois    .         Spirit   .   u - +0 hat
rElec    .         Reflect  .   (no cloak)
rCorr    .         Harm     .   (no gloves)
MR       .....                  (no boots)
Stlth    ..........             e - amulet of rage
Regen    0.3/turn               (no ring)
MPRegen  0.1/turn               (no ring)

@: slowed, very slow
A: retaliatory headbutt, horns 2
a: Animate Remains, Renounce Religion, Evoke Berserk Rage


You were on level 3 of the Dungeon.
You worshipped Yredelemnul.
Yredelemnul was aware of your devotion.
You were not hungry.

You visited 1 branch of the dungeon, and saw 4 of its levels.
You also visited: Sewer.

You collected 159 gold pieces.

Inventory:

Hand Weapons
 a - a +0 long sword (weapon)
Armour
 b - a +0 scale mail (worn)
 c - a +0 shield (worn)
 u - a +0 hat (worn)
Jewellery
 e - an amulet of rage (around neck)
 s - an uncursed ring of teleportation
Scrolls
 i - 3 scrolls of remove curse
 k - a scroll of noise {unknown}
 o - a scroll of amnesia {unknown}
 p - 2 scrolls of enchant armour {unknown}
 q - 2 scrolls of blinking {unknown}
 x - 2 scrolls of teleportation {unknown}
 y - 2 scrolls of fear {unknown}
 z - a scroll of fog {unknown}
 A - 3 scrolls of recharging {unknown}
 B - 2 scrolls of magic mapping {unknown}
Potions
 d - 2 potions of might
 h - 3 potions of invisibility {unknown}
 j - a potion of mutation {unknown}
 l - a potion of flight {unknown}
 m - 2 potions of magic {unknown}
 t - 5 potions of degeneration {unknown}
 v - a potion of brilliance {unknown}
Books
 r - a book of Minor Magic

   Spells                             Type                      Level
   a - Magic Dart                     Conjuration                  1
   b - Blink                          Translocation                2
   c - Call Imp                       Summoning                    2
   d - Slow                           Hexes                        2
   e - Conjure Flame                  Conjuration/Fire             3
   f - Mephitic Cloud                 Conjuration/Poison/Air       3
Comestibles
 f - 4 bread rations
 g - 2 meat rations
 n - a royal jelly


   Skills:
 + Level 10.0 Fighting
 - Level 2.4 Long Blades
 - Level 3.6 Armour
 - Level 3.6 Shields


You had 6 spell levels left.
You didn't know any spells.

Dungeon Overview and Level Annotations

Branches:
Dungeon (4/15)
 Temple: D:4-7

Altars:
Dithmenos
Fedhas
Qazlal
Yredelemnul


Innate Abilities, Weirdness & Mutations

You reflexively headbutt those who attack you in melee.
You have a pair of horns on your head.


Message History

The orc wizard gestures at you while chanting.
You feel as though you will be slow longer.
You block the orc wizard's attack.
You hit the orc wizard.
The orc wizard is severely wounded.
The orc wizard mumbles some strange words.
The orc wizard seems to speed up.
The orc wizard barely misses you.
You riposte.
You barely miss the orc wizard.
The orc wizard is severely wounded.
You barely miss the orc wizard. Your headbutt misses the orc wizard.
The orc wizard is severely wounded.
The orc wizard hits you but does no damage.
You are electrocuted!
* * * LOW HITPOINT WARNING * * *
You block the orc wizard's attack.
The orc wizard hits you with a dagger of electrocution.
* * * LOW HITPOINT WARNING * * *
You are electrocuted!
You die...
Your body rises from the dead as a mindless zombie.

....................#.#.#.#.#.#..
.......#.##...P.P..#.#.#.#.#.#.#.
.......#.###..._...##.#.#.#.#.#..
.....#.#.###..P.P..#.#.#.#.#.#.#.
#...##.#.#........########.###...
##+###.#.#.###.#.## ####.# ####
#.# #.#.#.###.#.# #....# #.#
#.........#.# #.####
##.#####.......o@# #.#
...........####### #.#
.....####### #.####### #...##
#.....>.# ##.## #######.# ####
#.### # #.... #####


You could see an orc wizard.

Vanquished Creatures
  Grinder (D:3)
  An ogre (D:4)
  A scorpion (D:3)
  2 worker ants (D:4)
  A hound skeleton (D:4)
  5 adders
  5 oozes (Sewer)
  6 worms
  9 dart slugs
  6 leopard geckos
  9 orcs (D:3)
  10 giant cockroaches
  9 hobgoblins
  6 jackals
  A quokka (D:3)
  A ball python (Sewer)
  12 bats
  7 frilled lizards
  A goblin (D:1)
  7 kobolds
  9 rats
109 creatures vanquished.

Notes
Turn   | Place    | Note
-------+----------+-------------------------------------------
     0 | D:1      | Gottschkopf the Minotaur Fighter began the quest for the Orb.
     0 | D:1      | Reached XP level 1. HP: 19/19 MP: 0/0
   249 | D:1      | Reached skill level 4 in Fighting
   295 | D:1      | Reached XP level 2. HP: 24/28 MP: 1/1
   890 | D:2      | Reached skill level 5 in Fighting
   944 | D:2      | Reached XP level 3. HP: 33/36 MP: 2/2
  1354 | D:3      | Reached XP level 4. HP: 39/44 MP: 3/3
  1365 | D:3      | Reached skill level 6 in Fighting
  1366 | D:3      | Found a glowing drain.
  1377 | Sewer    | Entered a sewer
  2208 | D:3      | Reached skill level 7 in Fighting
  2208 | D:3      | Reached XP level 5. HP: 52/52 MP: 4/4
  2373 | D:3      | Found a faded altar of an unknown god.
  2384 | D:3      | Became a worshipper of Yredelemnul the Dark
  2384 | D:3      | Reached * piety under Yredelemnul
  2499 | D:3      | Found a blossoming altar of Fedhas.
  2532 | D:3      | Noticed Grinder
  2547 | D:3      | Paralysed by Grinder for 3 turns
  2550 | D:3      | Killed Grinder
  2550 | D:3      | Reached skill level 9 in Fighting
  2550 | D:3      | Reached XP level 6. HP: 43/63 MP: 5/5
  2584 | D:3      | Found a shadowy altar of Dithmenos.
  2639 | D:3      | Found a stormy altar of Qazlal.
  3495 | D:4      | Reached XP level 7. HP: 18/71 MP: 6/6
  4072 | D:4      | Reached skill level 10 in Fighting
  4085 | D:3      | Mangled by an orc wizard

Skill      XL: |  1  2  3  4  5  6  7 |
---------------+----------------------+-----
Fighting       | 4 5 7 9 10 | 10.0
Long Blades    | |  2.4
Armour         | |  3.6
Shields        | |  3.6

Action                   |  1- 3 |  4- 6 |  7- 9 || total
-------------------------+-------+-------+-------++-------
Melee: Long sword        |   119 |   154 |    23 ||   296
       Headbutt          |    11 |    35 |     6 ||    52
  Use: Scroll            |       |     1 |       ||     1
  Eat: Chunk             |     2 |     6 |       ||     8
       Meat ration       |       |       |     1 ||     1
Armor: Scale mail        |    61 |    64 |     5 ||   130
Dodge: Dodged            |    31 |    63 |     6 ||   100
Block: Shield            |    73 |    83 |    14 ||   170
       Rpst.: Long sword |     7 |    16 |     3 ||    26
